 Dungeon Crawl Stone Soup version 0.29-a0-231-g945431f764 (webtiles) character file.

Game seed: 17700073686125654467

1185 drugrobin the Skirmisher (level 7, -5/64 HPs)
             Began as a Demigod Fighter on Mar 1, 2022.
             Slain by an orc warrior
             ... wielding a +0 halberd
              (14 damage)
             ... on level 5 of the Dungeon.
             The game lasted 00:11:51 (6408 turns).

drugrobin the Skirmisher (Demigod Fighter)          Turns: 6408, Time: 00:11:52

Health: -5/64      AC: 11    Str: 25    XL:     7   Next: 99%
Magic:  9/9        EV:  7    Int: 10    God:
Gold:   288        SH:  4    Dex: 13    Spells: 6/6 levels left

rFire   . . .      SeeInvis .   a - +2 hand axe (elec)
rCold   . . .      Faith    .   x - +0 buckler
rNeg    . . .      Spirit   .   v - +0 chain mail
rPois   .          Reflect  .   k - +0 helmet
rElec   .          Harm     .   r - +0 cloak
rCorr   .          Rampage  .   (no gloves)
Will    .....                   (no boots)
Stlth   ..........              (no amulet)
HPRegen 0.20/turn               (no ring)
MPRegen 0.11/turn               (no ring)

@: no status effects
A: high MP 1, forlorn, divine attributes
a: no special abilities


You were on level 5 of the Dungeon.
You visited 1 branch of the dungeon, and saw 5 of its levels.

You collected 288 gold pieces.

Inventory:

Hand Weapons
 a - a +2 hand axe of electrocution (weapon)
 b - a +0 hand axe
 c - a +1 mace of venom
 d - a +2 dagger of draining
 D - a +0 war axe
Missiles
 u - 3 silver javelins
 y - 6 poisoned darts
 z - 3 boomerangs (quivered)
Armour
 k - a +0 helmet (worn)
 r - a +0 cloak (worn)
 v - a +0 chain mail (worn)
 x - a +0 buckler (worn)
Jewellery
 E - an amulet of magic regeneration
Wands
 w - a wand of flame (38)
 C - a wand of mindburst (9)
Scrolls
 e - 4 scrolls of identify {unknown}
 f - a scroll of noise {unknown}
 g - a scroll of vulnerability {unknown}
 h - 2 scrolls of amnesia {unknown}
 i - 3 scrolls of summoning {unknown}
 j - 3 scrolls of teleportation {unknown}
 o - a scroll of magic mapping {unknown}
 p - a scroll of immolation {unknown}
 q - a scroll of brand weapon {unknown}
 A - a scroll of holy word {unknown}
Potions
 l - a potion of magic {unknown}
 m - a potion of brilliance {unknown}
 n - 3 potions of heal wounds {unknown}
 s - a potion of curing
 t - 2 potions of attraction {unknown}
 B - a potion of haste {unknown}


   Skills:
 + Level 6.9 Fighting
 + Level 6.5 Axes
 - Level 2.6 Armour
 - Level 2.6 Shields


You had 6 spell levels left.
You didn't know any spells.
Your spell library contained the following spells:

 Spells                   Type           Power      Damage    Failure   Level
 Animate Dead             Necr           0%         N/A       100%        4
 Alistair's Intoxication  Tmut/Pois      0%         N/A       100%        5
 Borgnjor's Vile Clutch   Necr/Erth      0%         N/A       100%        5
 Eringya's Noxious Bog    Tmut/Pois      0%         N/A       100%        6
 Haunt                    Necr/Summ      0%         N/A       100%        7
 Infestation              Necr           0%         N/A       100%        8


Dungeon Overview and Level Annotations

Branches:
Dungeon (5/15)             Temple (0/1) D:4

Shops:
D:1 =   D:4 (

Annotations:
D:1 Terence
D:2 1 runed translucent door, Crazy Yiuf


Innate Abilities, Weirdness & Mutations

You have an increased reservoir of magic. (+10% MP)
You shall have no god before yourself.
Your divine heritage dramatically boosts your attributes as you level up.


Message History

The iguana bites you but does no damage.
You climb upwards.
There is a stone staircase leading down here.
You hit the iguana but do no damage.
The iguana is heavily wounded.
The iguana bites you.
You hit the iguana.
The iguana is almost dead.
The iguana barely misses you.
You slash the iguana!
You kill the iguana!
You see here an iguana corpse.
You start resting.
HP restored.
There is a stone staircase leading down, spattered with blood here.
You climb downwards.
The orc warrior barely misses you.
There is a stone staircase leading up, spattered with blood here.
The orc warrior hits you with a +0 halberd!
You see here a +0 giant club.
You barely miss the orc warrior.
The orc warrior hits you with a +0 halberd.
You closely miss the orc warrior.
The orc warrior hits you with a +0 halberd.
You hit the orc warrior.
The orc warrior is lightly wounded.
The orc warrior barely misses you.
You slash the orc warrior!
The orc warrior is heavily wounded.
You block the orc warrior's attack.
You hit the orc warrior but do no damage.
The orc warrior is heavily wounded.
The orc warrior hits you with a +0 halberd!
You barely miss the orc warrior.
The orc warrior is heavily wounded.
The orc warrior hits you with a +0 halberd!
The orc warrior hits you from afar with a +0 halberd!
* * * LOW HITPOINT WARNING * * *
There is a stone staircase leading up, spattered with blood here.
The orc warrior hits you from afar with a +0 halberd!
You die...

..## ####..####...###..... #.#
##..#..............#.. ..##. ..
#..................### ......##..
#...................##
##.#####...#.#...................
.### #......#.#..........##.. ..#
#.....######.<##.....#.. ..#
#####......##...............
...#..........#.@.)#.............
.....##...##..##)..#............#
####.#..#.##....o..#..........#..
##..>...#..#...........#........#
#....^..............<........##..
....####.....####.#..............
##..# ##...##.(#............#...
....# ##.##...#....)...........
#...## #.#o..##........##......


You could see an orc warrior.

Vanquished Creatures
  Sigmund (D:2)
  2 black bears (D:4)
  An ogre (D:5)
  4 scorpions (D:5)
  2 orc priests (D:4)
  2 hounds
  Jessica (D:2)
  3 iguanas
  5 orc wizards
  3 adders
  A shadow imp (D:5)
  2 ufetubi
  3 worms (D:3)
  A dart slug (D:4)
  22 orcs
  6 ball pythons
  11 endoplasms
  3 giant cockroaches
  4 goblins
  11 hobgoblins
  2 jackals (D:1)
  6 quokkas
  5 bats
  3 frilled lizards
  12 kobolds
  4 rats
120 creatures vanquished.

Notes
Turn   | Place    | Note
-------+----------+-------------------------------------------
     0 | D:1      | drugrobin the Demigod Fighter began the quest for the Orb.
     0 | D:1      | Reached XP level 1. HP: 18/18 MP: 3/3
   221 | D:1      | Reached XP level 2. HP: 26/26 MP: 4/4
  1117 | D:1      | Found Ehass's Jewellery Shop.
  1269 | D:2      | Noticed Terence
  1531 | D:2      | Found a runed translucent door.
  1532 | D:2      | Noticed Crazy Yiuf
  1601 | D:2      | Reached XP level 3. HP: 31/31 MP: 5/5
  1603 | D:2      | Noticed Jessica
  1633 | D:2      | Killed Jessica
  1881 | D:2      | Noticed Sigmund
  1957 | D:2      | Killed Sigmund
  1958 | D:2      | Reached XP level 4. HP: 6/41 MP: 6/6
  1958 | D:2      | Reached XP level 5. HP: 6/47 MP: 7/7
  3869 | D:4      | Found a staircase to the Ecumenical Temple.
  3945 | D:4      | Reached XP level 6. HP: 51/55 MP: 8/8
  4069 | D:4      | Found Hegyzeg's Weapon Boutique.
  4345 | D:4      | Reached skill level 5 in Fighting
  4823 | D:5      | Entered Level 5 of the Dungeon
  4831 | D:5      | Reached skill level 5 in Axes
  4909 | D:4      | Reached XP level 7. HP: 12/62 MP: 9/9
  6408 | D:5      | Slain by an orc warrior

Illustrated notes

Levels and vault maps discovered:
D:1:      shiori_arrival_elements, layout_basic, serial_curves, eino_curves_04,
          eino_curves_02, serial_shops, nicolae_lakefront_shop,
          hellmonk_ecumenical_altar_inner_sanctum, minmay_tromino_i4
D:2:      layout_rooms, uniq_jessica, uniq_sigmund, uniq_crazy_yiuf_cottage,
          uniq_terence
D:3:      layout_basic, st_stairs_12
D:4:      layout_loops_ring, minmay_temple_entry_statues, serial_shops, shop
D:5:      cheibrodos_barr_body, layout_cave_pools

Skill      XL: |  1  2  3  4  5  6  7 |
---------------+----------------------+-----
Axes           | 2 4 5 6 |  6.5
Fighting       | 3 4 5 6 |  6.9
Armour         | |  2.6
Shields        | |  2.6

Action                   |  1- 3 |  4- 6 |  7- 9 || total
-------------------------+-------+-------+-------++-------
Melee: War axe           |   118 |    15 |     5 ||   138
       Dagger            |    23 |   117 |       ||   140
       Hand axe          |       |    39 |    36 ||    75
       Mace              |       |    14 |    44 ||    58
Throw: Javelin           |       |     2 |       ||     2
       Boomerang         |       |     1 |       ||     1
       Dart              |       |       |     1 ||     1
  Use: Potion            |     5 |       |       ||     5
Armor: Scale mail        |    73 |    49 |       ||   122
       Chain mail        |       |    82 |    64 ||   146
Dodge: Dodged            |    75 |    86 |    32 ||   193
Block: Buckler           |    29 |    47 |    16 ||    92

Table legend: (Time is in decaauts)
 A = Elapsed time spent in this place.
 B = Non-inter-level travel time spent in this place.
 C = Inter-level travel time spent in this place.
 D = Time resting spent in this place.
 E = Time spent auto-exploring this place.
 F = Levels seen in this place.
 G = Mean time per level.
                   A        B        C        D        E       F      G
               +--------+--------+--------+--------+--------+-----+--------+
         Total |   6494 |   6151 |    343 |   1451 |   3352 |   5 | 1298.8 |
       Dungeon |   6494 |   6151 |    343 |   1451 |   3352 |   5 | 1298.8 |
               +--------+--------+--------+--------+--------+-----+--------+

Top non-repeatable levels by time:
     D:4: 2087 daAuts
     D:2: 1486 daAuts
     D:1: 1415 daAuts
     D:5: 781 daAuts
     D:3: 724 daAuts
